Map: Pylon LE

Players

BabyMarine - Winner!

  • Race: Terran Terran
  • Spawn Location: 5:00

LunaSea

  • Race: Protoss Protoss
  • Spawn Location: 11:00

Event: HomeStory Cup XXVII

VOD

Have the link to the VOD?

Description

Time

  • Played on: June 27, 2025, 1:59 p.m.
  • Length: 5:21

All games in this series

Show
View Real Time Build Order
Export as new Build Order

BabyMarine Terran - Winner!

Build Orders: Banshee Rush 

Get SALT Encoding   

  12  0:00  SCV  
  13  0:12  SCV  
  14  0:16  Supply Depot  
  14  0:24  SCV  
  15  0:38  SCV  
  15  0:40  Barracks  
  15  0:42  Refinery  
  16  0:50  SCV  
  16  0:54  Refinery  
  17  1:02  SCV  
  18  1:14  SCV  
  19  1:27  Orbital Command, Reaper  
  19  1:28  Supply Depot  
  20  1:40  Factory  
  20  1:53  SCV  
  21  2:00  Barracks Reactor  
  21  2:05  SCV  
  22  2:17  Command Center  
  22  2:27  Hellion, SCV  
  25  2:36  Reaper  
  25  2:37  Reaper  
  27  2:40  Supply Depot, SCV  
  28  2:49  Hellion  
  30  2:56  Starport, SCV  
  31  3:08  Marine x2  
  31  3:10  Factory Tech Lab  
  33  3:13  SCV  
  34  3:25  SCV  
  34  3:26  Marine x2  
  37  3:41  Cloaking Field, Banshee, Factory Tech Lab  
  37  3:42  SCV  
  41  3:50  Orbital Command, Marine x2  
  38  4:00  Cyclone  
  38  4:01  SCV  
  41  4:07  Marine x2  
  42  4:12  Barracks  
  42  4:13  SCV  
  43  4:17  SCV  
  43  4:24  Banshee  
  44  4:28  Supply Depot, SCV  
  44  4:30  SCV  
  49  4:33  Marine x2  
  51  4:40  Siege Tank  
  54  4:49  SCV  
  54  4:51  SCV  
  56  4:52  Barracks  
  56  4:53  Marine x2  
  58  5:02  SCV  
Show
View Real Time Build Order
Export as new Build Order

LunaSea Protoss 

Build Orders: 1 Gate Expand, Oracle Opening 

Get SALT Encoding   

  12  0:00  Probe  
  13  0:12  Probe  
  14  0:17  Pylon  
  14  0:24  Probe  
  15  0:32  Probe  
  15  0:37  Gateway  
  15  0:40  Probe  
  16  0:45  Assimilator  
  17  0:51  Probe  
  18  1:03  Probe  
  19  1:15  Probe  
  20  1:23  Cybernetics Core  
  20  1:32  Nexus  
  20  1:35  Probe  
  21  1:43  Pylon  
  21  1:47  Probe  
  21  1:51  Adept  
  21  1:52  Assimilator  
  22  1:56  Pylon  
  22  2:03  Probe  
  25  2:15  Probe  
  26  2:23  Stargate  
  26  2:26  Adept  
  26  2:28  Probe  
  29  2:40  Gateway, Probe  
  29  2:42  Probe  
  24  2:44  Warp Gate  
  31  2:51  Probe  
  31  2:52  Probe  
  31  2:57  Oracle  
  33  3:02  Probe  
  33  3:04  Probe  
  38  3:14  Probe  
  38  3:16  Probe  
  38  3:18  Adept  
  42  3:26  Probe  
  43  3:31  Probe  
  42  3:39  Probe  
  32  4:03  Probe  
  32  4:05  Probe  
  32  4:08  Fleet Beacon  
  34  4:11  Probe  
  34  4:12  Assimilator  
  35  4:18  Probe  
  35  4:21  Probe  
  37  4:30  Probe  
  38  4:33  Probe  
  39  4:39  Gateway  
  39  4:41  Gateway  
  39  4:42  Probe  
  41  4:45  Probe  
  41  4:46  Phoenix  
  43  4:54  Probe  
  43  4:57  Probe  
  42  5:06  Probe  
Tags
 
Add a new tag
Caveats
  • Supply blocks, unpowered buildings, or Contaminate may cause inaccurate times.
  • Supply counts are checked every 10 seconds.